 Dungeon Crawl Stone Soup version 0.29.1-1-gd02db6906a (webtiles) character file.

Game seed: 15037689209299083446

1033 hawla the Zephyrmancer (level 8, -1/58 HPs)
             Began as a Meteoran Air Elementalist on Oct 16, 2022.
             Slain by a water moccasin zombie (2 damage)
             ... on level 5 of the Dungeon.
             The game lasted 00:12:03 (2328 turns).

hawla the Zephyrmancer (Meteoran Air Elementalist)  Turns: 2328, Time: 00:12:03

Health: -1/58      AC:  4    Str:  9    XL:     8   Next: 77%
Magic:  8/18       EV: 13    Int: 25    God:
Gold:   144        SH:  0    Dex: 15    Spells: 12/19 levels left

rFire   . . .      SeeInvis .   (no weapon)
rCold   + . .      Faith    .   (no shield)
rNeg    . . .      Spirit   .   c - +1 robe {rC+}
rPois   .          Reflect  .   (no helmet)
rElec   .          Harm     .   (no cloak)
rCorr   .          Rampage  .   k - +0 pair of gloves
Will    +....                   (no boots)
Stlth   +.........              (no amulet)
HPRegen 0.19/turn               j - +6 ring of intelligence
MPRegen 0.16/turn               (no ring)

@: glowing
A: sense surroundings 1, otherworldly, glowing, explore regen
a: no special abilities


You were on level 5 of the Dungeon.
You visited 1 branch of the dungeon, and saw 5 of its levels.

You collected 144 gold pieces.

Inventory:

Armour
 c - a +1 robe of cold resistance (worn)
 k - a +0 pair of gloves (worn)
Jewellery
 j - a +6 ring of intelligence (left hand)
Wands
 i - a wand of paralysis (7)
Scrolls
 a - a scroll of teleportation {unknown}
 e - a scroll of magic mapping
 g - a scroll of enchant weapon
 h - a scroll of amnesia
Potions
 b - a potion of magic
 d - 3 potions of might
 f - a potion of brilliance
 l - 2 potions of ambrosia {unknown}


   Skills:
 + Level 0.9 Fighting
 + Level 3.6 Dodging
 - Level 1.4 Stealth
 + Level 6.2 Spellcasting
 + Level 4.2 Conjurations
 + Level 8.8 Air Magic


You had 12 spell levels left.
You knew the following spells:

 Your Spells              Type           Power      Damage    Failure   Level
a - Shock                 Conj/Air       100%       1d9       1%          1
b - Static Discharge      Conj/Air       40%        3-8/arc   1%          2
c - Airstrike             Air            25%        2d(4-20)  1%          4

Your spell library contained the following spells:

 Spells                   Type           Power      Damage    Failure   Level
 Swiftness                Air            51%        N/A       1%          3
 Sticky Flame             Conj/Fire      18%        2d4       30%         4
 Dispel Undead            Necr           7%         3d8       58%         4


Dungeon Overview and Level Annotations

Branches:
Dungeon (5/15) Zot: 672
 Temple: D:4-7

Altars:
Ashenzari
Elyvilon
Fedhas
Kikubaaqudgha
Makhleb
Nemelex Xobeh
Okawaru
Qazlal
Ru
Sif Muna
Wu Jian

Shops:
D:4 (   D:5 =


Innate Abilities, Weirdness & Mutations

You passively map a small area around you.
You are easily found by Zot.
You glow in the dark.
You regain HP and MP as you explore.


Message History

The water moccasin zombie is struck by an arc of lightning!
The water moccasin zombie is severely damaged.
You are struck by an arc of lightning.
The scorpion zombie is struck by an arc of lightning!
The scorpion zombie is almost destroyed.
You are struck by an arc of lightning.
* * * LOW HITPOINT WARNING * * *
The lightning grounds out.
The water moccasin zombie bites you.
* * * LOW HITPOINT WARNING * * *
The scorpion zombie hits you.
* * * LOW HITPOINT WARNING * * *
Unknown command.
Casting: Static Discharge (safe; 1% risk of failure)
Confirm with . or Enter, or press ? or * to list all spells.
The scorpion zombie is struck by an arc of lightning.
The scorpion zombie is almost destroyed.
The water moccasin zombie is struck by an arc of lightning.
The water moccasin zombie is almost destroyed.
The lightning grounds out.
The water moccasin zombie bites you.
* * * LOW HITPOINT WARNING * * *
The scorpion zombie misses you.
Casting: Static Discharge (safe; 1% risk of failure)
Confirm with . or Enter, or press ? or * to list all spells.
The scorpion zombie is struck by an arc of lightning!
You destroy the scorpion zombie!
The water moccasin zombie is struck by an arc of lightning!
You destroy the water moccasin zombie!
You are struck by an arc of lightning.
* * * LOW HITPOINT WARNING * * *
You open the door.
A water moccasin zombie comes into view.
There is an open door here.
The water moccasin zombie attacks as you move away!
The water moccasin zombie bites you.
* * * LOW HITPOINT WARNING * * *
The water moccasin zombie attacks as you move away!
The water moccasin zombie bites you.
* * * LOW HITPOINT WARNING * * *
The water moccasin zombie bites you.
You die...

* ..♣. ....+......... * _
..♣♣#* ...#.......## ,
♣♣..# ,....#.#+#....# ,,
♣...###*#..(......##.# ,
♣....♣'..###.###...####.#
+ , ♣......##.##......#.*
#.# , *.♣♣♣♣.. #.##..###
#,####.. , ,###*#Z##..#
#..... , ,# #@#..)# #
#.#### ,,.#.
#...#.#####.#.# ,....
#..##.......#!####
.....#..#......#.......
,......>........#.#..[..
, ......#.#.######.#.....
....#.#(#..., . ##'#..
....#.#.###########∩### *
...*#.#........#<##'#.#


You could see a water moccasin zombie.

Vanquished Creatures
  Sigmund (D:4)
  A wraith (D:5)
  Eustachio (D:4)
  An ice beast (D:4)
  An ogre (D:5)
  A necrophage (D:5)
  A water moccasin zombie (D:5)
  A bullfrog zombie (D:5)
  3 hounds (D:4)
  A jelly (D:5)
  A scorpion zombie (D:5)
  Ijyb (D:4)
  An adder (D:2)
  4 worms
  2 dart slugs
  4 orcs
  3 bats
  4 endoplasms
  12 goblins
  4 hobgoblins
  5 quokkas
  8 ball pythons
  A frilled lizard (D:1)
  8 kobolds
  2 rats
72 creatures vanquished.

Notes
Turn   | Place    | Note
-------+----------+-------------------------------------------
     0 | D:1      | hawla the Meteoran Air Elementalist began the quest for the
                  | Orb.
     0 | D:1      | Reached XP level 1. HP: 14/14 MP: 5/5
   307 | D:1      | Reached XP level 2. HP: 20/20 MP: 3/6
   313 | D:1      | Reached skill level 4 in Air Magic
   500 | D:1      | Glimpsed the power of Zot.
   539 | D:2      | Learned a level 2 spell: Static Discharge
   786 | D:2      | Reached XP level 3. HP: 26/26 MP: 6/8
  1082 | D:2      | Reached skill level 5 in Air Magic
  1086 | D:2      | Reached XP level 4. HP: 11/33 MP: 0/9
  1091 | D:2      | Learned a level 4 spell: Airstrike
  1100 | D:2      | Glimpsed the power of Zot.
  1198 | D:3      | Found a stormy altar of Qazlal.
  1324 | D:3      | Found an ornate altar of the Wu Jian Council.
  1327 | D:3      | Found a sacrificial altar of Ru.
  1331 | D:3      | Found a shimmering blue altar of Sif Muna.
  1332 | D:3      | Found a broken altar of Ashenzari.
  1332 | D:3      | Found an iron altar of Okawaru.
  1332 | D:3      | Found a white marble altar of Elyvilon.
  1333 | D:3      | Found a sparkling altar of Nemelex Xobeh.
  1338 | D:3      | Found an ancient bone altar of Kikubaaqudgha.
  1347 | D:3      | Found a blossoming altar of Fedhas.
  1348 | D:3      | Found a burning altar of Makhleb.
  1565 | D:4      | Reached skill level 6 in Air Magic
  1565 | D:4      | Reached XP level 5. HP: 34/38 MP: 2/10
  1730 | D:4      | Noticed an ice beast
  1731 | D:4      | Noticed Sigmund
  1749 | D:4      | Killed Sigmund
  1750 | D:4      | Reached skill level 7 in Air Magic
  1750 | D:4      | Reached XP level 6. HP: 24/45 MP: 2/13
  1750 | D:4      | Reached XP level 7. HP: 27/50 MP: 2/14
  1947 | D:4      | Noticed Eustachio
  1947 | D:4      | Noticed Ijyb
  1954 | D:4      | Killed Eustachio
  1955 | D:4      | Reached skill level 8 in Air Magic
  1955 | D:4      | Killed Ijyb
  1965 | D:4      | Found Pumaxus's Antique Weapon Boutique.
  1973 | D:4      | Reached XP level 8. HP: 42/58 MP: 6/16
  2168 | D:5      | Entered Level 5 of the Dungeon
  2173 | D:5      | Reached skill level 5 in Spellcasting
  2232 | D:5      | Noticed a wraith
  2238 | D:5      | Killed a wraith
  2255 | D:5      | Found Igan's Jewellery Emporium.
  2327 | D:5      | HP: 1/58 [water moccasin zombie (4)]
  2328 | D:5      | Slain by a water moccasin zombie

Illustrated notes

Levels and vault maps discovered:
D:1:      dpeg_cavernosity, layout_basic, shapermc_ecumenical_altar_flowoftime,
          chequers_mini_garden
D:2:      layout_basic
D:3:      layout_rooms, old_standard_altar, minitemple
D:4:      layout_rooms, serial_shops, shop_fountains, uniq_eustachio, uniq_ijyb,
          uniq_sigmund
D:5:      layout_basic, grunt_temple_overflow_open,
          nicolae_yredelemnul_corpse_copse, serial_shops, kennysheep_mini

Skill      XL: |  1  2  3  4  5  6  7  8 |
---------------+-------------------------+-----
Air Magic      | 4 5 6 7 8 |  8.8
Spellcasting   | 4 6 |  6.2
Dodging        | 3 |  3.6
Conjurations   | 2 3 4 |  4.2
Fighting       | |  0.9
Stealth        | |  1.4

Action                   |  1- 3 |  4- 6 |  7- 9 || total
-------------------------+-------+-------+-------++-------
Melee: Unarmed           |    10 |    19 |     9 ||    38
 Cast: Shock             |    31 |    51 |    36 ||   118
       Static Discharge  |     8 |    17 |    18 ||    43
       Airstrike         |       |     2 |       ||     2
  Use: Scroll            |       |     7 |       ||     7
       Potion            |       |     1 |       ||     1
Armor: Robe              |    11 |    10 |     7 ||    28
Dodge: Dodged            |    13 |    26 |     9 ||    48
